 Dungeon Crawl Stone Soup version 0.30-a0-1103-g25895a7845 (webtiles) character file.

Game seed: 3959345107526373270

10 ytrimaz the Ruffian (level 2, 23/23 HPs)
             Began as a Draconian Transmuter on Apr 18, 2023.
             Quit the game on level 1 of the Dungeon.
             The game lasted 00:00:28 (467 turns).

ytrimaz the Ruffian (Draconian Transmuter)           Turns: 467, Time: 00:00:29

Health: 23/23      AC:  4    Str: 12    XL:     2   Next: 10%
Magic:  5/5        EV: 12    Int: 13    God:
Gold:   17         SH:  0    Dex: 11    Spells: 4/5 levels left

rFire   . . .      SeeInvis .      - Unarmed
rCold   . . .      Faith    .    (no shield)
rNeg    . . .      Spirit   .    (body armour unavailable)
rPois   .          Reflect  .    (helmet restricted)
rElec   .          Rampage  .    (no cloak)
rCorr   .                        (no gloves)
Will    .....                    (no boots)
Stlth   +                        (no amulet)
HPRegen 0.23/turn                (no ring)
MPRegen 0.09/turn                (no ring)

@: no status effects
A: AC +4, unfitting armour, cold-blooded
a: no special abilities


You were on level 1 of the Dungeon.
You visited 1 branch of the dungeon, and saw 1 of its levels.

You collected 17 gold pieces.


Innate Abilities, Weirdness & Mutations

Your plain brown scales are hard. (AC +4)
You cannot fit into any form of body armour.
You are cold-blooded and may be slowed by cold attacks.


   Skills:
 - Level 1.1 Fighting
 - Level 1.7 Dodging
 + Level 3.6 Unarmed Combat
 - Level 2.0 Spellcasting
 - Level 2.0 Transmutations


You had 4 spell levels left.
You knew the following spells:

 Your Spells              Type           Power      Damage    Failure   Level
a - Beastly Appendage     Tmut           12%        N/A       11%         1

Your spell library contained the following spells:

 Spells                   Type           Power      Damage    Failure   Level
 Wereblood                Tmut           6%         N/A       17%         2
 Spider Form              Tmut/Pois      3%         N/A       45%         3
 Dazzling Flash           Conj/Hex       2%         N/A       58%         3
 Volatile Blastmotes      Fire/Tloc      2%         2d10      58%         3
 Ice Form                 Ice/Tmut       3%         N/A       86%         4
 Iskenderun's Mystic Bla  Conj/Tloc      1%         2d3       94%         4
 Starburst                Conj/Fire      0%         6d3       100%        6

Inventory:

Scrolls
 c - 3 scrolls of enchant weapon {unknown}
Potions
 a - a potion of lignification
 b - a potion of haste {unknown}

Dungeon Overview and Level Annotations

Branches:
Dungeon (1/15) Zot: 5534

Altars:

#.# #..# #.#
#..# #.# #..#
#######.#######.
................
.######.########
######### #.#
#......(###.##
#......@.....#
#.#####.###..#
#.r.......
#####..##.# #...
# ##.#. #.#..
..# .#


You could see a rat (asleep).


Message History

The quokka bites you but does no damage. 😮 HP[-1]
You take 1 damage, and now have 11/16 hp.
You are too injured to fight recklessly!
You barely miss the quokka.
You feel sick. The quokka barely misses you. 😮 HP[-1]
You take 1 damage, and now have 10/16 hp.
Unknown command.
You barely miss the quokka.
You feel sick. The quokka closely misses you.
You are too injured to fight recklessly!
You completely miss the quokka.
You tail-slap the quokka, but do no damage.
You feel sick. The quokka barely misses you.
The quokka closely misses you. 😮 HP[-1]
You take 1 damage, and now have 9/16 hp.
Unknown command.
You are too injured to fight recklessly!
You hit the quokka.
You feel sick. The quokka barely misses you. 😨 HP[-1]
You take 1 damage, and now have 8/16 hp.
You hit the quokka but do no damage.
You feel sick.
You are no longer poisoned.
The quokka closely misses you. 😨 HP[-1]
You take 1 damage, and now have 7/16 hp.
Unknown command.
You are too injured to fight recklessly!
You closely miss the quokka.
The quokka bites you but does no damage.
You are too injured to fight recklessly!
You closely miss the quokka. The quokka bites you.
* * * LOW HITPOINT WARNING * * *
Unknown command. 😱 HP[-3]
You take 3 damage, and now have 4/16 hp.
You are too injured to fight recklessly!
You hit the quokka.
You kill the quokka!
You have reached level 2! 😨 HP[+2] MP[+2]
You now have 23 max hp (+7).
You regained 2 hp, and now have 6/23 hp.
Your mp is fully restored (5).
You are too injured to fight recklessly!
There is a stone staircase leading down, spattered with blood here.
You are too injured to fight recklessly!
Key pressed, stopping explore.
Unknown command. 😮 HP[+9]
You regained 9 hp, and now have 15/23 hp.
You see here a +0 dagger of venom.
You now have 9 gold pieces.
b - a sapphire potion 😎 HP[+8]
Your hp is fully restored (23).
c - 3 scrolls labelled TEMIONODOZ You now have 17 gold pieces (gained 8).
Key pressed, stopping explore.
Key pressed, stopping explore.
A goblin comes into view. It is wielding a +0 club.
Found a stone staircase leading down.
A goblin is nearby!
A goblin is nearby!
A goblin is nearby!
A goblin is nearby!
A goblin is nearby!
A goblin is nearby!
The goblin shouts!
You grow a pair of large bovine horns.
Your feet morph into talons. 😎 MP[-1]
You lost 1 mp, and now have 4/5 mp.
Your transformation is almost over.
You closely miss the goblin. Your kick misses the goblin.
The goblin hits you but does no damage.
You hit the goblin. You claw the goblin.
You kill the goblin!
Things that are here:
a +0 club; a goblin corpse Unknown command.
No target in view!
There is a stone staircase leading down here.
Your horns disappear.
Your talons disappear.
Things that are here:
a +0 club; a goblin corpse Key pressed, stopping explore.
No target in view! 😎 MP[+1]
Your mp is fully restored (5).
Unknown command.
There is a stone staircase leading down, spattered with blood here.
You see here a +0 dagger of venom.
Key pressed, stopping explore.
Key pressed, stopping explore.
A rat comes into view.
A rat is nearby!
A rat is nearby!
Are you sure you want to abandon this character and quit the game? (Confirm with "yes".)
Okay, then.
Unknown command.
Are you sure you want to abandon this character and quit the game? (Confirm with "yes".)

Action                     || total
---------------------------++-------
  Melee: Unarmed           ||    21
         Tailslap          ||     3
         Headbutt          ||     2
         Kick              ||     2
   Cast: Beastly Appendage ||     4
 Armour: Skin              ||     7
  Dodge: Dodged            ||    10

Levels and vault maps discovered:
D:1:      matt_arrival_refuge, layout_loops_ring, hangedman_decor_push

Notes
Turn   | Place    | Note
-------+----------+-------------------------------------------
     0 | D:1      | ytrimaz the Draconian Transmuter began the quest for the
                  | Orb.
     0 | D:1      | Reached XP level 1. HP: 16/16 MP: 3/3
     0 | D:1      | magus.rc [v1.9.6]
   127 | D:1      | You pick up a book of Spectacle and begin reading...
   127 | D:1      | You add the spells Volatile Blastmotes, Dazzling Flash,
                  | Iskenderun's Mystic Blast and Starburst to your library.
   205 | D:1      | HP: 4/16 [quokka (4)]
   207 | D:1      | Reached XP level 2. HP: 6/23 MP: 5/5
   467 | D:1      | Quit the game

Vanquished Creatures
  A bat (D:1)
  2 endoplasms (D:1)
  A giant cockroach (D:1)
  3 goblins (D:1)
  A quokka (D:1)
8 creatures vanquished.

Table legend:
 A = Non-vault XP
 B = Vault XP
 C = Vault XP percentage of total XP
 D = Non-vault monster count
 E = Vault monster count
 F = Vault count percentage of total count
                 A         B        C        D         E       F
            +---------+---------+-------+---------+---------+-------
      Total |      15 |       0 |   0.0 |       8 |       0 |   0.0
            +---------+---------+-------+---------+---------+-------
        D:1 |      15 |       0 |   0.0 |       8 |       0 |   0.0
            +---------+---------+-------+---------+---------+-------

Illustrated notes

Table legend:
 A = Kills in this place as a percentage of kills in the entire game.
 B = Kills by you in this place as a percentage of kills by you in the entire game.
 C = Kills by friends in this place as a percentage of kills by friends in the entire game.
 D = Other kills in this place as a percentage of other kills in the entire game.
 E = Experience gained in this place as a percentage of experience gained in the entire game.
 F = Experience gained in this place divided by the number of levels of this place that you have seen.
                   A       B       C       D       E      F
               +-------+-------+-------+-------+-------+----------------------
         Total | 100.0 | 100.0 |   N/A |   N/A | 100.0 |  15.0
       Dungeon | 100.0 | 100.0 |   N/A |   N/A | 100.0 |  15.0
               +-------+-------+-------+-------+-------+----------------------

Table legend: (Time is in decaauts)
 A = Elapsed time spent in this place.
 B = Non-inter-level travel time spent in this place.
 C = Inter-level travel time spent in this place.
 D = Time resting spent in this place.
 E = Time spent auto-exploring this place.
 F = Levels seen in this place.
 G = Mean time per level.
                   A        B        C        D        E       F      G
               +--------+--------+--------+--------+--------+-----+--------+
         Total |    465 |    465 |      0 |      0 |    413 |   1 |  465.0 |
       Dungeon |    465 |    465 |      0 |      0 |    413 |   1 |  465.0 |
               +--------+--------+--------+--------+--------+-----+--------+

Top non-repeatable levels by time:
     D:1: 465 daAuts
